 Dungeon Crawl Stone Soup version 0.28.0 (webtiles) character file.

Game seed: 4880882890675313678

318 Steelback the Changer (level 6, 0/70 HPs)
             Began as a Draconian Transmuter on Feb 14, 2022.
             Slain by a mummy (3 damage)
             ... in an ossuary.
             The game lasted 00:12:22 (2959 turns).

Steelback the Changer (Draconian Transmuter)        Turns: 2959, Time: 00:12:22

Health: 0/70       AC: 27    Str: 14    XL:     6   Next: 21%
Magic:  10/10      EV:  2    Int: 14    God:
Gold:   397        SH:  0    Dex: 11    Spells: 4/11 levels left

rFire   . . .      SeeInvis +     - Unarmed
rCold   . . .      Faith    .   (no shield)
rNeg    . . .      Spirit   .   (armour unavailable)
rPois   +          Reflect  .   (helmet currently unavailable)
rElec   .          Harm     .   (cloak currently unavailable)
rCorr   .          Rampage  .   (gloves currently unavailable)
Will    .....      NoTele   +   (boots currently unavailable)
Stlth   +.........              (no amulet)
HPRegen 0.21/turn               c - ring of see invisible
MPRegen 0.12/turn               d - +4 ring of protection

@: tree-form
A: stationary, stasis, torment immunity, boosted hp, AC +6, unfitting armour,
(cold-blooded)
a: no special abilities


You were in an ossuary.
You were a tree.
You visited 1 branch of the dungeon, and saw 4 of its levels.
You also visited: Ossuary.

You collected 769 gold pieces.
You spent 372 gold pieces at shops.

Inventory:

Armour
 a - a +0 pair of gloves of infusion
 j - a scarf of repulsion
 m - a +0 pair of gloves (melded)
 q - a +0 cloak (melded)
Jewellery
 c - a ring of see invisible (left branch)
 d - a +4 ring of protection (right branch)
Scrolls
 b - a scroll of amnesia
 f - a scroll of identify
 h - 2 scrolls of teleportation
 i - a scroll of fog {unknown}
 n - a scroll of fear {unknown}
 o - a scroll of immolation {unknown}
 r - a scroll of vulnerability {unknown}
Potions
 e - a potion of lignification
 g - 2 potions of curing {unknown}
 k - a potion of flight {unknown}
 l - a potion of resistance {unknown}
 p - a potion of brilliance {unknown}


   Skills:
 + Level 1.3 Fighting
 + Level 2.2 Dodging
 + Level 4.2 Unarmed Combat
 + Level 3.2 Spellcasting
 * Level 4.7 Transmutations


You had 4 spell levels left.
You knew the following spells:

 Your Spells              Type           Power      Damage    Failure   Level
a - Beastly Appendage     Tmut           30%        N/A       3%          1
b - Wereblood             Tmut           15%        N/A       4%          2
c - Ice Form              Ice/Tmut       8%         N/A       61%         4

Your spell library contained the following spells:

 Spells                   Type           Power      Damage    Failure   Level
 Spider Form              Tmut/Pois      8%         N/A       24%         3
 Gell's Gravitas          Tloc           2%         N/A       54%         3
 Lesser Beckoning         Tloc           2%         N/A       54%         3
 Teleport Other           Tloc           2%         N/A       54%         3


Dungeon Overview and Level Annotations

Branches:
Dungeon (4/15)            Ossuary (1/1)
 Temple: D:4-7

Altars:

Shops:
D:2 [   D:3 (


Innate Abilities, Weirdness & Mutations

You are a tree.
Your roots penetrate the ground, keeping you stationary.
You cannot be teleported.
You are immune to unholy pain and torment.
Your maximum health is greatly increased.
Your equipment is partially melded.
((Your plain brown scales are hard. (AC +6)))
You cannot fit into any form of body armour.
((You are cold-blooded and may be slowed by cold attacks.))


Message History

The mummy hits you but does no damage.
You cannot teleport because you are held in place by your roots.
You smack the water moccasin zombie!
The water moccasin zombie is moderately damaged.
The water moccasin zombie bites you but does no damage.
You smack the water moccasin zombie!
The water moccasin zombie is severely damaged.
The water moccasin zombie bites you but does no damage.
The mummy hits you but does no damage. The water moccasin zombie bites you.
* * * LOW HITPOINT WARNING * * *
You smack the water moccasin zombie!
You destroy the water moccasin zombie!
You have reached level 6!
Your scales feel tougher.
You completely miss the hornet zombie.
You punch the hornet zombie, but do no damage.
The hornet zombie is heavily damaged.
The hornet zombie hits you but does no damage.
The mummy hits you but does no damage.
You smack the hornet zombie!
The hornet zombie is severely damaged.
The hornet zombie hits you but does no damage.
You barely miss the hornet zombie.
The hornet zombie is severely damaged.
The hornet zombie hits you.
* * * LOW HITPOINT WARNING * * *
The mummy hits you but does no damage.
The hornet zombie hits you but does no damage.
You hit the hornet zombie.
The hornet zombie is severely damaged.
The hornet zombie hits you but does no damage.
The mummy hits you but does no damage.
You smack the hornet zombie!
The hornet zombie is almost destroyed.
The hornet zombie hits you.
* * * LOW HITPOINT WARNING * * *
You smack the hornet zombie!
You destroy the hornet zombie!
The mummy hits you.
You die...

+# .+
#####.###
#...#.'.#
#.M.'.#
#♣..#.'.#
#####.###
Z. ≈≈≈
≈≈.# ≈###
.≈


You could see a mummy.

Vanquished Creatures
  A hornet zombie (Ossuary)
  A water moccasin zombie (Ossuary)
  A centaur zombie (Ossuary)
  A gnoll shaman (D:4)
  A killer bee zombie (Ossuary)
  5 mummies
  3 gnolls (D:4)
  2 adders
  2 worms (D:2)
  2 dart slugs (D:1)
  3 endoplasms
  7 giant cockroaches
  4 goblins (D:1)
  5 hobgoblins
  4 jackals
  3 quokkas
  6 ball pythons
  8 bats
  5 frilled lizards
  2 kobolds
  5 rats
71 creatures vanquished.

Vanquished Creatures (others)
  A withered plant (Ossuary)
1 creature vanquished.

Grand Total: 72 creatures vanquished

Notes
Turn   | Place    | Note
-------+----------+-------------------------------------------
     0 | D:1      | Steelback the Draconian Transmuter began the quest for the
                  | Orb.
     0 | D:1      | Reached XP level 1. HP: 16/16 MP: 3/3
   227 | D:1      | Reached XP level 2. HP: 23/23 MP: 3/5
   832 | D:1      | Reached XP level 3. HP: 28/28 MP: 4/6
  1180 | D:2      | Learned a level 2 spell: Wereblood
  1184 | D:2      | Learned a level 3 spell: Spider Form
  1199 | D:2      | Found Otaeck's Antique Armour Boutique.
  1255 | D:2      | Identified a scroll of acquirement
  1255 | D:2      | Acquired 696 gold pieces
  1257 | D:2      | Bought a pair of runed gloves for 180 gold pieces
  1257 | D:2      | Bought a glowing scarf for 192 gold pieces
  1402 | D:2      | Found a faded altar of an unknown god.
  1693 | D:2      | Reached XP level 4. HP: 35/35 MP: 1/7
  2005 | D:3      | Learned a level 4 spell: Ice Form
  2608 | D:3      | Found Tymax's Weapon Shoppe.
  2794 | D:4      | Reached XP level 5. HP: 35/40 MP: 7/9
  2871 | D:4      | Found a sand-covered staircase.
  2884 | Ossuary  | Entered an ossuary
  2954 | Ossuary  | Reached XP level 6. HP: 8/47 MP: 10/10
  2958 | Ossuary  | HP: 3/70 [hornet zombie (2)]
  2959 | Ossuary  | Slain by a mummy

Illustrated notes

Levels and vault maps discovered:
D:1:      amcnicky_arrival_double_pillar, layout_loops_corners
D:2:      layout_basic, serial_shops, nicolae_shop_waterfront,
          ebering_ecumenical_altar_abandoned
D:3:      layout_loops_ring, serial_shops, nicolae_lakefront_shop,
          wad_floor_pattern_untrapped, minmay_misc_feat_nine_boxes
D:4:      layout_basic, trog_antimagical, nicolae_ossuary_entry_giza,
          guppyfry_early_lair_pool
Ossuary:  ossuary_zaba_flooded

Skill      XL: |  1  2  3  4  5 |
---------------+----------------+-----
Transmutations | 3 4 |  4.7
Dodging        | 2 |  2.2
Spellcasting   | 3 |  3.2
Unarmed Combat | 4 |  4.2
Fighting       | |  1.3

Action                   |  1- 3 |  4- 6 || total
-------------------------+-------+-------++-------
Melee: Unarmed           |   100 |   113 ||   213
       Headbutt          |    11 |    18 ||    29
       Tailslap          |    10 |    15 ||    25
       Kick              |    23 |    29 ||    52
       Punch             |     2 |     4 ||     6
 Cast: Beastly Appendage |    31 |    20 ||    51
  Use: Scroll            |     1 |     2 ||     3
       Potion            |       |     1 ||     1
 Stab: Sleeping          |     1 |       ||     1
Armor: Skin              |    23 |    46 ||    69
Dodge: Dodged            |    58 |    59 ||   117
